AoeStats
← beni-j-i

Fortress

509163910Analyzed
2v2 RM · 5d ago on Sep 25, 2026· 50m 52s· 4 players
Game mode
Random Map
Map size
Normal (6 player)
Population
200
Speed
Normal
Resources
Standard
Victory
Conquest
Starting age
Dark Age
Ending age
Imperial Age
RankedLock teamsTeams togetherTeam positionsShared explorationLock speedFull tech treeHidden civsTurbo modeCheats
Victory
Defeat
🇨🇭 Khmer · Switzerland
1110
+14
🇯🇵 Cumans · Japan
1014
+18
🇨🇿 Britons · Czechia
1082
-17
🇨🇿 Hindustanis · Czechia
1035
-15
Lovatý čávo
8:21 Feudal Age
12:12 Castle Age
10:24 Horse Collar
11:14 Double-Bit Axe
13:44 Bow Saw
13:42 Heavy Plow
25:32 Imperial Age
23:18 Fletching
23:28 Padded Archer Armor
25:03 Wheelbarrow
24:13 Loom
24:14 Town Watch
24:45 Padded Archer Armor
24:40 Bodkin Arrow
27:33 Chemistry
27:59 Grand Trunk Road
28:01 Shatagni
29:47 Two-Man Saw
32:14 Gold Mining
32:14 Stone Mining
35:20 Leather Archer Armor
35:05 Bracer
48:41 Bracer
yoselibero
7:40 Feudal Age
7:07 Loom
7:50 Man-at-Arms
9:07 Double-Bit Axe
9:22 Fletching
9:40 Scale Mail Armor
10:25 Horse Collar
17:38 Castle Age
16:16 Gold Mining
16:42 Padded Archer Armor
17:12 Stone Mining
17:41 Crossbowman
18:48 Bow Saw
18:41 Heavy Plow
18:38 Bodkin Arrow
20:39 Gold Shaft Mining
22:07 Wheelbarrow
21:18 Town Watch
26:34 Imperial Age
24:33 Long Swordsman
26:25 Leather Archer Armor
28:42 Chemistry
28:17 Hand Cart
27:54 Arbalester
28:37 Two-Handed Swordsman
beni-j-i
7:03 Feudal Age
7:33 Double-Bit Axe
7:30 Horse Collar
8:26 Gold Mining
9:16 Loom
12:58 Castle Age
12:29 Wheelbarrow
12:25 Bloodlines
12:24 Stone Mining
20:33 Ballistics
20:24 Heavy Plow
21:48 Husbandry
23:29 Hand Cart
27:31 Imperial Age
26:04 Bow Saw
29:22 Chemistry
28:29 Siege Engineers
29:36 Elite Ballista Elephant
31:46 Scale Barding Armor
32:52 Gold Shaft Mining
33:35 Conscription
32:39 Light Cavalry
33:36 Forging
33:47 Chain Barding Armor
33:38 Double Crossbow
33:28 Hussar
37:20 Iron Casting
44:10 Blast Furnace
43:46 Plate Barding Armor
Walter2000
6:27 Feudal Age
7:07 Double-Bit Axe
7:05 Horse Collar
17:49 Castle Age
16:26 Wheelbarrow
16:18 Gold Mining
16:49 Forging
17:22 Scale Barding Armor
18:47 Bloodlines
18:05 Capped Ram
19:24 Iron Casting
19:52 Bow Saw
19:45 Heavy Plow
20:35 Chain Barding Armor
21:23 Steppe Husbandry
27:33 Gold Shaft Mining
26:51 Stone Mining
29:58 Loom
30:28 Hand Cart
29:59 Town Watch
36:06 Imperial Age
33:39 Fletching
34:21 Bodkin Arrow
34:26 Padded Archer Armor
34:49 Ballistics
34:44 Thumb Ring
35:42 Leather Archer Armor
36:09 Siege Ram
37:47 Ring Archer Armor
37:48 Conscription
38:54 Plate Barding Armor
40:13 Blast Furnace
38:38 Elite Steppe Lancer
40:58 Cuman Mercenaries
41:34 Cavalier
43:35 Paladin
47:06 Chemistry
46:33 Parthian Tactics
49:21 Light Cavalry
Connection lost

Rejoining the realm…

Still unreachable

The connection could not be restored.

Session expired

The server has moved on; the page needs a fresh start.